 Dungeon Crawl Stone Soup version 0.30.1 (webtiles) character file.

Game seed: 12603309043140700327

12404 booth the Destroyer (level 11, -1/66 HPs)
             Began as a Purple Draconian Conjurer on July 5, 2023.
             Was a Priest of Hepliaklqana.
             Slain by a skeletal warrior
             ... wielding a +2 long sword of flaming
              (5 damage)
             ... on level 11 of the Dungeon.
             The game lasted 01:45:38 (14016 turns).

booth the Destroyer (Purple Draconian Conjurer)    Turns: 14016, Time: 01:45:39

Health: -1/66      AC: 13    Str:  9    XL:     11   Next: 62%
Magic:  17/24      EV: 14    Int: 26    God:    Hepliaklqana [***...]
Gold:   324        SH:  0    Dex: 10    Spells: 3/28 levels left

rFire   + . .        o - +5 hand axe
rCold   . . .        P - orb {light}
rNeg    . . .        (body armour unavailable)
rPois   .            (helmet restricted)
rElec   .            (no cloak)
rCorr   .            Q - +2 pair of gloves "Xifo" {Int+3}
SInv    .            t - +2 pair of boots
Will    ++...        k - amulet of magic regeneration
Stlth   ++           r - ring of willpower
HPRegen 0.31/turn    s - ring of protection from fire
MPRegen 0.59/turn

%: no passive effects
@: glowing
A: reduced essence, breathe power, AC +7, unfitting armour, cold-blooded
a: Breathe Dispelling Energy, Renounce Religion, Recall Ancestor, Ancestor
Identity, Transference


You were on level 11 of the Dungeon.
You worshipped Hepliaklqana.
Hepliaklqana was most pleased with you.
You visited 2 branches of the dungeon, and saw 12 of its levels.
You also visited: Ossuary.

You collected 649 gold pieces.
You spent 325 gold pieces at shops.

Inventory:

Hand Weapons
 b - a +5 whip
 f - a +0 dagger
 o - a +5 hand axe (weapon)
Missiles
 c - 2 throwing nets
 v - 50 poisoned darts (quivered)
 I - 10 boomerangs
 J - 15 boomerangs of dispersal
Armour
 t - a +2 pair of boots (worn)
 P - an orb of light (worn)
 Q - the +2 pair of gloves "Xifo" (worn) {Int+3}
   (You bought it in a shop on level 10 of the Dungeon)

   Int:       It affects your intelligence (+3).
Jewellery
 j - the ring of Oranwi {+Blink rN+ Int-4 Dex+7}
   (You found it on level 2 of the Dungeon)

   [ring of positive energy]

   Int:       It affects your intelligence (-4).
   Dex:       It affects your dexterity (+7).
   rN:        It protects you from negative energy.
   +Blink:    It lets you blink.
 k - an amulet of magic regeneration (around neck)
 q - an amulet of the acrobat
 r - a ring of willpower (left hand)
 s - a ring of protection from fire (right hand)
 x - a ring of resist corrosion
 K - a ring of magical power
Wands
 B - a wand of polymorph (8)
 D - a wand of iceblast (14)
 L - a wand of charming (15)
 M - a wand of mindburst (18)
Scrolls
 m - 3 scrolls of magic mapping
 n - 4 scrolls of fog
 u - a scroll of enchant weapon
 w - 2 scrolls of fear
 y - 3 scrolls of amnesia
 A - 2 scrolls of immolation
 E - 2 scrolls of teleportation
 F - a scroll of butterflies
 H - 5 scrolls of identify
 S - a scroll of silence
Potions
 a - 3 potions of magic
 d - 3 potions of resistance
 g - 5 potions of might
 h - 4 potions of haste
 i - 4 potions of attraction
 l - 5 potions of curing
 p - a potion of heal wounds
 z - 4 potions of flight
 C - a potion of cancellation
 G - 3 potions of ambrosia
 N - 3 potions of berserk rage
 O - a potion of mutation


   Skills:
 + Level 7.4 Dodging
 + Level 8.1 Stealth
 + Level 9.0 Spellcasting
 + Level 9.0 Conjurations
 + Level 8.3 Hexes
 - Level 6.7 Air Magic


You had 3 spell levels left.
You knew the following spells:

 Your Spells              Type           Power      Damage    Failure   Level
a - Magic Dart            Conj           100%       1d8       1%          1
b - Searing Ray           Conj           100%       2d8       1%          2
c - Dazzling Flash        Conj/Hex       100%       N/A       1%          3
d - Fulminant Prism       Conj/Hex       27%        3d14      1%          4
e - Iskenderun's Mystic   Conj/Tloc      35%        2d8       8%          4
f - Poisonous Vapours     Pois/Air       58%        N/A       1%          2
g - Silence               Hex/Air        25%        N/A       6%          5
h - Summon Lightning Spi  Summ/Air       29%        N/A       13%         4

Your spell library contained the following spells:

 Spells                   Type           Power      Damage    Failure   Level
 Ensorcelled Hibernation  Hex/Ice        66%        N/A       1%          2
 Sting                    Tmut/Pois      44%        1d5       4%          1
 Ozocubu's Armour         Ice            11%        N/A       16%         3
 Spider Form              Tmut/Pois      11%        N/A       16%         3
 Anguish                  Hex/Necr       16%        N/A       9%          4
 Olgreb's Toxic Radiance  Pois           11%        N/A       45%         4
 Agony                    Necr           11%        N/A       80%         5
 Ozocubu's Refrigeration  Ice            5%         4d8       100%        7
 Storm Form               Tmut/Air       14%        N/A       100%        7
 Maxwell's Capacitive Co  Air            23%        ∞         100%        8


Dungeon Overview and Level Annotations

Branches:
Dungeon (11/15)            Temple (1/1) D:5            Lair (0/5) D:10
    Orc (0/2) D:10        Ossuary (visited)

Altars:
Ashenzari
Cheibriados
Dithmenos
Elyvilon
Fedhas
Gozag
Hepliaklqana
Kikubaaqudgha
Makhleb
Nemelex Xobeh
Okawaru
Qazlal
Ru
Sif Muna
Trog
Uskayaw
Vehumet
Wu Jian
Xom
Yredelemnul
Zin
The Shining One

Shops:
D:7 ?   D:8 :   D:10 [

Annotations:
D:10 exclusion: oklob plant


Innate Abilities, Weirdness & Mutations

Your life essence is reduced to manifest your ancestor. (-10% HP)
You can breathe bolts of dispelling energy.
Your rich purple scales are hard. (AC +7)
You cannot fit into any form of body armour.
You are cold-blooded and may be slowed by cold attacks.


Message History

Casting: Searing Ray (safe; 1% risk of failure)
Confirm with . or Enter, or press ? or * to list all spells.
Aiming: Searing Ray (safe; 1% risk of failure)
Press: ? - help, Shift-Dir - straight line, f/p - skeletal warrior
Aim: a skeletal warrior, wielding a +2 long sword of flaming (moderately damaged, ally target, haloed, 87% to hit)
The searing ray hits the skeletal warrior.
The skeletal warrior is lightly damaged.
The searing ray hits the skeletal warrior but does no damage.
The skeletal warrior is moderately damaged. (Press . to maintain the ray.) Thoka closely misses the skeletal warrior.
The skeletal warrior closely misses you.
The skeletal warrior hits your lightning spire with a +2 long sword of flaming!
Your lightning spire is destroyed!
Your lightning spire disappears in a puff of smoke!
The searing ray hits the skeletal warrior!
The skeletal warrior is moderately damaged.
The searing ray hits the skeletal warrior.
The skeletal warrior is heavily damaged.
The skeletal warrior barely misses you.
The searing ray hits the skeletal warrior.
The skeletal warrior is heavily damaged.
The skeletal warrior completely misses you.
The skeletal warrior hits you with a +2 long sword of flaming!
The skeletal warrior burns you.
The searing ray hits the skeletal warrior but does no damage.
The skeletal warrior is heavily damaged.
You finish channelling your searing ray.
Thoka barely misses the skeletal warrior.
The skeletal warrior hits you with a +0 dire flail!
The skeletal warrior hits you with a +2 long sword of flaming.
You hit the skeletal warrior.
The skeletal warrior is moderately damaged.
You barely miss the skeletal warrior.
Thoka hits the skeletal warrior with a +0 flail.
The skeletal warrior barely misses you.
The skeletal warrior hits you with a +2 long sword of flaming!!
* * * LOW HITPOINT WARNING * * *
The skeletal warrior burns you.
You die...

#................
#................
.##+#######....)...........
...........................
...........................
...........................
..............####.........
.........z....# #.........
........Rz@...# ##########
###############


You could see the friendly Thoka the knight and 2 skeletal warriors.

Vanquished Creatures
  Erica (D:8)
  3 two-headed ogres
  A troll (D:10)
  7 yaks
  A wyvern (D:9)
  A steam dragon (D:8)
  2 water moccasins
  An orc warrior (D:10)
  2 ice beasts
  A black bear (D:6)
  2 sky beasts
  7 ogres
  4 kobold brigands
  2 bullfrogs
  17 scorpions
  A gnoll sergeant (D:9)
  9 wights
  16 killer bees
  3 electric eels (D:10)
  2 centaur zombies (Ossuary)
  2 hounds
  A jelly (D:6)
  3 human zombies (Ossuary)
  3 orc priests
  A gnoll bouda (D:9)
  A sleepcap (D:6)
  8 orc wizards
  3 iguanas
  6 scorpion zombies (Ossuary)
  3 mummies (Ossuary)
  12 gnolls
  11 adders
  A white imp (D:8)
  2 worms
  2 dart slugs (D:2)
  38 orcs
  5 ball pythons
  6 endoplasms
  A giant cockroach (D:1)
  6 goblins
  7 hobgoblins
  7 quokkas
  3 bats
  6 frilled lizards
  3 gnoll zombies (Ossuary)
  A goblin zombie (Ossuary)
  13 kobolds
  6 rats
244 creatures vanquished.

Vanquished Creatures (collateral kills)
  Lodul (D:10)
  A troll (D:10)
  Prince Ribbit (D:7)
  A hornet (D:8)
  2 yaks
  Duvessa (D:7)
  3 orc warriors
  An ogre (D:10)
  A centaur (D:8)
  3 kobold brigands
  2 gnoll sergeants (D:10)
  3 wights
  Dowan (D:7)
  10 killer bees
  2 howler monkeys (D:9)
  An orc priest (D:9)
  A sleepcap (D:7)
  5 orc wizards (D:9)
  4 gnolls
  A white imp (D:7)
  16 orcs
  2 kobolds
63 creatures vanquished.

Vanquished Creatures (others)
  6 ancestors
  3 knights (D:10)
  6 fulminant prisms
15 creatures vanquished.

Grand Total: 322 creatures vanquished

Notes
Turn   | Place    | Note
-------+----------+-------------------------------------------
     0 | D:1      | booth the Draconian Conjurer began the quest for the Orb.
     0 | D:1      | Reached XP level 1. HP: 14/14 MP: 3/3
   194 | D:1      | Reached XP level 2. HP: 20/20 MP: 3/5
   464 | D:1      | Learned a level 2 spell: Searing Ray
  1146 | D:2      | Reached XP level 3. HP: 26/26 MP: 2/6
  1151 | D:2      | Learned a level 3 spell: Dazzling Flash
  1455 | D:2      | Identified the ring of Oranwi {+Blink rN+ Int-4 Dex+7}
  1585 | D:2      | Reached skill level 1 in Air Magic
  1727 | D:2      | Reached XP level 4. HP: 33/33 MP: 3/7
  2913 | D:3      | Found a faded altar of an unknown god.
  3580 | D:4      | Reached XP level 5. HP: 18/38 MP: 6/9
  3725 | D:4      | Noticed an ogre
  3771 | D:4      | Killed an ogre
  3772 | D:4      | Reached skill level 1 in Hexes
  3966 | D:4      | Reached XP level 6. HP: 20/45 MP: 8/10
  4956 | D:5      | Entered Level 5 of the Dungeon
  5027 | D:5      | Reached skill level 5 in Conjurations
  5079 | D:5      | Found a sand-covered staircase.
  5087 | D:5      | Your scales start taking on a rich purple colour.
  5087 | D:5      | Reached XP level 7. HP: 50/50 MP: 7/13
  5093 | Ossuary  | Entered an ossuary
  5602 | Ossuary  | Reached XP level 8. HP: 32/57 MP: 15/15
  5779 | Ossuary  | Reached skill level 5 in Spellcasting
  6285 | D:5      | Learned a level 4 spell: Fulminant Prism
  6586 | D:5      | Found a shadowy altar of Dithmenos.
  6587 | D:5      | Found a glowing golden altar of the Shining One.
  6597 | D:5      | Found a snail-covered altar of Cheibriados.
  6599 | D:5      | Found an ornate altar of the Wu Jian Council.
  6599 | D:5      | Found an opulent altar of Gozag.
  6718 | D:5      | Found a staircase to the Ecumenical Temple.
  6728 | Temple   | Entered the Ecumenical Temple
  6760 | Temple   | Became a worshipper of Hepliaklqana the Forgotten
  6977 | D:5      | Learned a level 4 spell: Iskenderun's Mystic Blast
  7082 | D:5      | Learned a level 2 spell: Poisonous Vapours
  7174 | D:5      | Reached skill level 5 in Stealth
  7373 | D:6      | Reached XP level 9. HP: 52/62 MP: 10/17
  7979 | D:6      | Reached skill level 5 in Hexes
  8025 | D:6      | Reached skill level 5 in Dodging
  8094 | D:6      | Reached skill level 5 in Air Magic
  8214 | D:6      | Found a blossoming altar of Fedhas.
  8358 | D:7      | You fall into a shaft and drop 1 floor!
  8409 | D:7      | Reached * piety under Hepliaklqana
  8534 | D:7      | Found Efrokhluth's Magic Scroll Boutique.
  8550 | D:7      | Bought a scroll of identify for 22 gold pieces
  8550 | D:7      | Bought a scroll of identify for 22 gold pieces
  8550 | D:7      | Bought a scroll of identify for 22 gold pieces
  8550 | D:7      | Bought a scroll of identify for 22 gold pieces
  8554 | D:7      | Noticed Duvessa
  8567 | D:7      | Killed Duvessa
  8852 | D:7      | Noticed Prince Ribbit
  8876 | D:7      | Killed Prince Ribbit
  9028 | D:7      | Noticed Dowan
  9039 | D:7      | Killed Dowan
  9201 | D:8      | Identified the +9 spear of Intuition {flame, Dex+2}
  9320 | D:8      | Reached XP level 10. HP: 62/62 MP: 16/20
  9348 | D:8      | Found Eruhinn's Book Shoppe.
  9371 | D:8      | Noticed Erica
  9387 | D:8      | Killed Erica
  9563 | D:8      | Found a glowing silver altar of Zin.
  9629 | D:8      | Noticed a two-headed ogre
 10043 | D:7      | Learned a level 5 spell: Silence
 10642 | D:8      | Killed a two-headed ogre
 10721 | D:8      | Learned a level 4 spell: Summon Lightning Spire
 10778 | D:9      | Noticed a two-headed ogre
 10778 | D:9      | Found a hide-covered altar of Uskayaw.
 10778 | D:9      | Found a broken altar of Ashenzari.
 10778 | D:9      | Found a shimmering altar of Xom.
 10783 | D:9      | Killed a two-headed ogre
 10797 | D:9      | Reached XP level 11. HP: 31/66 MP: 10/23
 11086 | D:9      | Found a sacrificial altar of Ru.
 11087 | D:9      | Found a sparkling altar of Nemelex Xobeh.
 11091 | D:9      | Found a shimmering blue altar of Sif Muna.
 11103 | D:9      | Reached ** piety under Hepliaklqana
 11104 | D:9      | Remembered your ancestor Thoka as a knight
 12303 | D:10     | Entered Level 10 of the Dungeon
 12336 | D:10     | Noticed an oklob plant
 12340 | D:10     | Found a staircase to the Lair.
 12487 | D:10     | Noticed Lodul
 12746 | D:10     | Killed Lodul
 12847 | D:10     | Found Panla's Antique Armour Boutique.
 12860 | D:10     | Bought a pair of masterwork gloves for 237 gold pieces
 12860 | D:10     | Identified the +2 pair of gloves "Xifo" {Int+3} (You bought
                  | it in a shop on level 10 of the Dungeon)
 13327 | D:10     | Found a staircase to the Orcish Mines.
 13624 | D:10     | Found a burning altar of Makhleb.
 13648 | D:10     | Reached *** piety under Hepliaklqana
 13968 | D:11     | Noticed a two-headed ogre
 13977 | D:11     | Killed a two-headed ogre
 13998 | D:11     | Noticed a skeletal warrior
 13998 | D:11     | Noticed a skeletal warrior
 14016 | D:11     | Slain by a skeletal warrior

Illustrated notes

Levels and vault maps discovered:
D:1:      dpeg_arrival_tiny_a, layout_basic
D:2:      layout_basic
D:3:      layout_loops_corners, ebering_ecumenical_altar_webs, st_stairs_4
D:4:      layout_basic
D:5:      layout_gridville, grunt_temple_overflow_open,
          minmay_temple_entry_crystal_x, nicolae_ossuary_entry_ruins
D:6:      layout_basic, mainiacjoe_overflow_cross_hatched,
          minmay_unpleasant_kobolds
D:7:      layout_cave_pools, serial_shops, nicolae_shop_trees,
          hangedman_decor_opposing, uniq_duvessa, uniq_prince_ribbit1
D:8:      layout_rooms, zin_statuary, enter_bailey_2, serial_shops, shop,
          uniq_erica
D:9:      layout_layer_cave, nicolae_overflow_hidden_temple,
          chequers_temple_overflow_statue_of_worship
D:10:     layout_irregular_city, mainiacjoe_overflow_surrounded_room,
          dpeg_oklobed_lair, kennysheep_orc_monster_closet_entryway,
          serial_bayou, serial_bayou_ford_a, serial_bayou_pond_e,
          serial_bayou_pond_d, serial_bayou_pond_a, serial_shops,
          nicolae_shop_statue_plus, kennysheep_path_1, uniq_lodul
D:11:     minmay_sliced_demisemicircle, layout_irregular_city,
          nicolae_dithmenos_the_darkroom
Temple:   hellmonk_temple_rainy

Skill      XL: |  1  2  3  4  5  6  7  8  9 10 11 |
---------------+----------------------------------+-----
Dodging        | 2 3 4 5 6 7 |  7.4
Stealth        | 2 3 4 5 6 7 8 |  8.1
Air Magic      | 1 2 3 4 5 6 |  6.7
Hexes          | 1 2 3 4 5 7 8 |  8.3
Spellcasting   | 3 4 5 6 8 9 |  9.0
Conjurations   | 5 6 7 8 9 |  9.0

Action                     |  1- 3 |  4- 6 |  7- 9 | 10-12 || total
---------------------------+-------+-------+-------+-------++-------
  Melee: Dagger            |     3 |       |       |       ||     3
         Whip              |    12 |    38 |       |       ||    50
         Tailslap          |     2 |     3 |    20 |     5 ||    30
         Club              |     1 |       |       |       ||     1
         Punch             |       |     1 |     1 |       ||     2
         Hand axe          |       |       |   106 |    54 ||   160
  Throw: Dart              |       |     2 |     8 |    32 ||    42
         Throwing net      |       |     1 |     1 |       ||     2
   Cast: Magic Dart        |    61 |    49 |    99 |    60 ||   269
         Searing Ray       |     1 |    19 |    65 |    45 ||   130
         Dazzling Flash    |       |     1 |       |       ||     1
         Poisonous Vapours |       |       |    14 |    23 ||    37
         Fulminant Prism   |       |       |     1 |     5 ||     6
         Iskenderun's Myst |       |       |       |     1 ||     1
         Summon Lightning  |       |       |       |     4 ||     4
         Silence           |       |       |       |     1 ||     1
 Invoke: Ancestor Identity |       |       |     1 |       ||     1
         Ancestor Life: Kn |       |       |       |     1 ||     1
    Use: Scroll            |     2 |     5 |    10 |     6 ||    23
         Potion            |       |     5 |     3 |     3 ||    11
   Stab: Sleeping          |     1 |       |       |       ||     1
 Armour: Skin              |    10 |    20 |    91 |    46 ||   167
  Dodge: Dodged            |    12 |    44 |   151 |   115 ||   322
